AoeStats
← Mi1chael1

Arabia

510568651Analyzed
1v1 RM · 2d ago on Oct 1, 2026· 36m 50s· 2 players
Game mode
Random Map
Map size
Tiny (2 player)
Population
200
Speed
Normal
Resources
Standard
Victory
Conquest
Starting age
Dark Age
Ending age
Imperial Age
RankedLock teamsTeams togetherTeam positionsShared explorationLock speedFull tech treeHidden civsTurbo modeCheats
Victory
Defeat
🇺🇸 Vikings · United States
1736
+14
🇮🇱 Georgians · Israel
1698
-14
Mi1chael1
8:49 Feudal Age
7:08 Loom
11:06 Double-Bit Axe
17:15 Fletching
21:58 Castle Age
19:59 Horse Collar
20:58 Scale Barding Armor
21:29 Bloodlines
22:20 Padded Archer Armor
22:37 Elite Skirmisher
23:14 Bodkin Arrow
26:25 Wheelbarrow
26:30 Husbandry
28:45 Ballistics
31:07 Town Watch
Durendal
5:57 Loom
9:13 Feudal Age
9:50 Man-at-Arms
11:51 Town Watch
12:26 Double-Bit Axe
15:43 Fletching
20:40 Castle Age
19:31 Padded Archer Armor
19:34 Horse Collar
20:14 Gold Mining
21:21 Bodkin Arrow
20:47 Crossbowman
22:49 Bow Saw
26:18 Leather Archer Armor
26:17 Heavy Plow
26:48 Scale Mail Armor
28:39 Ballistics
31:42 Scale Barding Armor
31:49 Forging
33:27 Murder Holes
Connection lost

Rejoining the realm…

Still unreachable

The connection could not be restored.

Session expired

The server has moved on; the page needs a fresh start.